Map: [ESL] Alcyone

Players

Mixu

  • Race: Zerg Zerg
  • League: Grandmaster
  • Spawn Location: 7:00

HeroMarine - Winner!

  • Race: Terran Terran
  • Spawn Location: 1:00

Event: HomeStory Cup XXIV

VOD

Have the link to the VOD?

Description

Time

  • Played on: Dec. 2, 2023, 3:03 p.m.
  • Length: 9:21

All games in this series

Show
View Real Time Build Order
Export as new Build Order

Mixu Zerg 

Build Orders: Hatch First 

Get SALT Encoding   

  12  0:00  Drone  
  13  0:12  Overlord  
  13  0:16  Drone  
  14  0:30  Drone x2  
  16  0:47  Hatchery  
  15  0:50  Drone  
  15  0:55  Drone  
  17  0:58  Drone  
  18  1:08  Extractor  
  17  1:13  Spawning Pool  
  17  1:16  Drone  
  17  1:19  Drone  
  18  1:27  Drone  
  19  1:39  Drone  
  20  1:50  Overlord  
  20  1:59  Queen x2  
  20  2:00  Zergling x4  
  26  2:10  Drone  
  26  2:11  Drone, Metabolic Boost  
  28  2:20  Drone  
  28  2:21  Drone  
  30  2:34  Drone  
  30  2:38  Drone, Hatchery  
  30  2:44  Overlord  
  30  2:48  Queen  
  32  2:54  Drone x2  
  34  3:06  Drone x3  
  34  3:09  Queen  
  34  3:11  Drone  
  40  3:14  Overlord  
  40  3:16  Drone  
  40  3:17  Drone  
  40  3:18  Drone  
  43  3:27  Drone  
  43  3:32  Drone, Queen  
  47  3:36  Drone  
  48  3:44  Zergling x8  
  48  3:47  Overlord  
  51  3:49  Queen  
  51  3:54  Queen  
  55  3:57  Drone x2  
  55  3:58  Overlord  
  57  4:04  Evolution Chamber  
  56  4:15  Overlord  
  56  4:17  Drone, Overlord  
  56  4:18  Drone x7  
  66  4:26  Evolution Chamber  
  66  4:29  Drone x3  
  68  4:32  Drone x2  
  68  4:35  Drone x2, Zerg Ground Armor Level 1  
  68  4:37  Drone  
  68  4:38  Drone  
  72  4:40  Drone  
  72  4:41  Drone  
  74  4:46  Drone  
  74  4:51  Extractor  
  74  4:54  Queen, Overlord  
  74  4:55  Queen  
  74  4:57  Zergling x6, Extractor  
  80  5:01  Zergling x8  
  80  5:04  Zergling x4  
  80  5:05  Zergling x2  
  87  5:08  Overlord  
  87  5:11  Zerg Melee Weapons Level 1  
  87  5:12  Drone x3  
  90  5:16  Zergling x4  
  90  5:21  Zergling x2  
  93  5:24  Zergling x2  
  94  5:28  Lair  
  94  5:29  Zergling x2  
  94  5:31  Spore Crawler  
  94  5:34  Hatchery  
  93  5:36  Zergling x8  
  97  5:43  Overlord  
  97  5:46  Drone x7  
  90  5:53  Drone x2  
  89  5:58  Drone  
  89  5:59  Baneling Nest  
  89  6:03  Drone x5  
  94  6:06  Drone  
  94  6:11  Extractor  
  94  6:16  Drone x3  
  94  6:17  Drone x2  
  94  6:18  Drone x2  
  101  6:20  Drone  
  102  6:30  Drone x2  
  102  6:31  Zerg Ground Armor Level 2  
  102  6:32  Zergling x4  
  106  6:36  Overlord  
  106  6:37  Drone x3  
  109  6:40  Drone, Hatchery  
  109  6:43  Overseer  
  109  6:46  Centrifugal Hooks  
  109  6:49  Drone  
  109  6:50  Drone x2  
  109  6:52  Zergling x10  
  117  6:56  Zergling x4  
  117  7:00  Zergling x8  
  123  7:06  Zergling x6  
  125  7:09  Zergling x2  
  125  7:14  Zergling x2  
  127  7:15  Overlord x4  
  127  7:18  Infestation Pit  
  127  7:20  Burrow  
  126  7:27  Hatchery  
  125  7:36  Overlord  
  116  7:37  Spore Crawler  
  116  7:40  Drone x4  
  116  7:42  Drone x9  
  123  7:46  Zergling x8  
  126  7:53  Zergling x2  
  126  7:54  Zergling x6  
  126  7:58  Zergling x12  
  126  7:59  Baneling x10  
  126  8:02  Queen  
  126  8:04  Zergling x4  
  131  8:07  Zergling x6  
  131  8:14  Zergling x2  
  131  8:18  Zergling x6  
  132  8:20  Hatchery  
  132  8:23  Zergling x8  
  132  8:25  Baneling x4  
  134  8:30  Zergling x8  
  135  8:42  Zergling x10  
  135  8:48  Zergling x8  
  128  8:54  Zergling x6  
  123  8:56  Zergling x4  
  123  8:59  Zergling x2  
  125  9:04  Zergling x2  
Show
View Real Time Build Order
Export as new Build Order

HeroMarine Terran - Winner!

Build Orders:  

Get SALT Encoding   

  12  0:00  SCV  
  13  0:12  SCV  
  14  0:17  Supply Depot  
  14  0:24  SCV  
  15  0:38  Barracks, SCV  
  15  0:42  Refinery  
  16  0:50  SCV  
  17  1:02  SCV  
  18  1:14  SCV  
  20  1:25  Reaper  
  20  1:26  Orbital Command  
  20  1:37  Command Center  
  20  1:45  Supply Depot  
  20  1:52  SCV  
  21  1:57  Marine  
  22  2:04  SCV  
  22  2:08  Factory  
  23  2:16  SCV  
  23  2:19  Barracks Reactor  
  24  2:28  SCV  
  25  2:40  SCV  
  25  2:41  Command Center  
  26  2:52  Orbital Command, SCV  
  27  3:02  Barracks Tech Lab  
  27  3:05  Barracks, SCV  
  28  3:06  Hellion  
  28  3:10  Hellion  
  32  3:17  SCV  
  32  3:18  SCV  
  34  3:21  Stimpack, Marine  
  35  3:28  Refinery  
  35  3:29  SCV  
  35  3:30  SCV  
  37  3:39  Marine  
  37  3:41  SCV  
  39  3:43  SCV  
  39  3:46  Starport  
  40  3:52  Refinery  
  40  3:53  Orbital Command, SCV  
  40  3:55  SCV  
  42  3:57  Factory Reactor, Marine  
  42  4:02  Marine x2  
  45  4:05  SCV  
  45  4:07  Supply Depot, SCV  
  47  4:15  Marine  
  48  4:17  SCV  
  48  4:19  SCV  
  48  4:20  Marine x2  
  48  4:22  SCV  
  53  4:29  SCV  
  53  4:30  Supply Depot, Medivac  
  57  4:31  SCV  
  57  4:32  Refinery  
  57  4:33  Widow Mine x2  
  57  4:35  SCV  
  62  4:40  Engineering Bay  
  62  4:41  SCV  
  62  4:42  Engineering Bay  
  62  4:43  SCV  
  62  4:44  Marine x2  
  66  4:46  Marine  
  66  4:48  Orbital Command  
  67  4:53  SCV  
  67  4:55  Supply Depot, SCV  
  67  4:59  Barracks  
  69  5:01  Factory Tech Lab  
  69  5:03  Combat Shield  
  69  5:06  SCV  
  70  5:07  SCV  
  70  5:09  Marine x3  
  70  5:10  Medivac  
  76  5:15  Supply Depot  
  76  5:17  Medivac  
  76  5:18  SCV  
  76  5:20  SCV x2  
  80  5:29  Siege Tank  
  80  5:30  SCV  
  80  5:32  SCV  
  85  5:36  SCV, Marine x2  
  85  5:38  Supply Depot  
  85  5:40  Terran Infantry Weapons Level 1, Terran Infantry Armor Level 1  
  85  5:42  SCV  
  88  5:44  SCV  
  88  5:48  SCV  
  88  5:49  Marine  
  89  5:54  SCV, Marine x2  
  89  5:56  Barracks Reactor, SCV  
  84  5:58  Liberator  
  84  6:00  Liberator  
  84  6:01  SCV  
  89  6:07  Marine  
  89  6:11  SCV x2  
  92  6:12  Barracks x2, Marine  
  92  6:13  SCV  
  92  6:16  Siege Tank  
  97  6:20  Supply Depot, Marine  
  97  6:25  Marine  
  99  6:29  Marine  
  96  6:34  Armory  
  96  6:35  Barracks x2  
  96  6:36  Barracks  
  96  6:37  Marine x2  
  96  6:38  Marine  
  99  6:43  Marine  
  99  6:45  Medivac x2  
  104  6:47  Marine  
  104  6:48  SCV  
  104  6:49  SCV x2  
  108  6:55  Marine  
  108  7:00  Supply Depot  
  109  7:01  Marine x3  
  109  7:02  Siege Tank, Supply Depot  
  109  7:05  Marine  
  109  7:07  Barracks Reactor, Supply Depot  
  109  7:08  Barracks Reactor  
  115  7:13  Marine  
  116  7:19  Marine  
  116  7:21  Supply Depot  
  116  7:22  Medivac x2, Marine x4  
  125  7:23  Marine, Supply Depot  
  125  7:26  Marine  
  127  7:31  Marine  
  125  7:37  Marine  
  125  7:39  Marine x2  
  125  7:40  Marine x2  
  125  7:41  Marine  
  130  7:44  Marine  
  130  7:48  Marine  
  130  7:50  Marine x2  
  134  7:51  Marine x2  
  134  7:55  Marine  
  134  7:57  Marine x2  
  134  7:58  Marine x2  
  138  7:59  Marine  
  138  8:02  Marine  
  140  8:06  Marine  
  140  8:08  Marine x2  
  140  8:09  Marine x2  
  140  8:10  Siege Tank  
  140  8:11  Medivac  
  149  8:13  Marine  
  149  8:14  Command Center  
  149  8:15  Marine x3  
  149  8:16  Marine  
  149  8:17  Marine  
  155  8:20  Marine  
  155  8:24  Marine  
  157  8:28  Supply Depot x2  
  157  8:29  Medivac, Supply Depot, Marine x4  
  157  8:30  Marine  
  157  8:33  Marine  
  165  8:35  Marine x4  
  165  8:41  Marine  
  165  8:43  Marine  
  165  8:47  Marine  
  148  8:48  Marine x2  
  148  8:49  Marine x2  
  148  8:51  Marine  
  148  8:52  Marine x3  
  148  8:53  Marine  
  146  8:59  Marine  
  146  9:01  Marine  
Tags
 
Add a new tag
Caveats
  • Supply blocks, unpowered buildings, or Contaminate may cause inaccurate times.
  • Supply counts are checked every 10 seconds.